Warning! The script has encountered some errors when parsing the replay. Please report them to the . » details
0x00, prev: 0x03: 03 00 [00] 00 00 00 50 01 3F 00 00 00 50 00 00 00 00 00 50 01 3F 00 00 00 50 02 03 00 00 00 50 03 FF 00 00 FF 50 04 00 00 00 00 50 05 3F 00 00 00 50 06 03 00 00 00 50 07 FF 00 00 FF 50 08 00 00 00 00 50 09 3F 00 00 00 50 0A 03 00 00 00 50 0B FF 00 00 FF 50 0C 00 00 00 00 50 0D 3F 00 00 00 50 0E 03 00 00 00 04 B4 00 50 00 00 00 00 00 50 01 3F 00 00 00 50 02 03 00 00 00 50 03 FF 00 00 FF 50 04 00 00 00 00 50 05 3F 00 00 00 50 06 03 00 00 00 50 07 FF 00 00 FF 50 08 00 00 00 00 50 09 3F 00 00 00 50 0A 03 00 00 00 50 0B FF 00 00 FF 50 0C 00 00 00 00 50 0D 3F 00 00 00 50 0E 03 00 00 00 50 00 00 00 00 00 50 01 3F 00 00 00 50 02 03 00 00 00 50 03 FF 00 00 FF 50 04 00 00 00 00 50 05 3F 00 00 00 50 06 03 00 00 00 50 07 FF 00 00 FF 50 08 00 00 00 00 50 09 3F 00 00 00 50 0A 03 00 00 00 50 0B FF 00 00 FF 50 0C 00 00 00 00 50 0D 3F 00 00 00 50 0E 03 00 00 00 04 B4 00 50 00 00 00 00 00 50 01 3F 00 00 00 50 02 03 00 00 00 50 03 FF 00 00 FF 50 04 00 00 00 00 50 05 3F 00 00 00 50 06 03 00 00 00 50 07 FF 00 00 FF 50 08 00 00 00 00 50 09 3F 00 00 00 50 0A 03 00 00 00 50 0B FF 00 00 FF 50 0C 00 00 00 00 50 0D 3F 00 00 00 50 0E 03 00 00 00 50 00 00 00 00 00 50 01 3F 00 00 00 50 02 03 00 00 00 50 03 FF 00 00 FF 50 04 00 00 00 00 50 05 3F 00 00 00 50 06 03 00 00 00 50 07 FF 00 00 FF 50 08 00 00 00 00 50 09 3F 00 00 00 50 0A 03 00 00 00 50 0B FF 00 00 FF 50 0C 00 00 00 00 50 0D 3F 00 00 00 50 0E 03 00 00 00 04 5A 00 50 00 00 00 00 00 50 01 3F 00 00 00 50 02 03 00 00 00 50 03 FF 00 00 FF 50 04 00 00 00 00 50 05 3F 00 00 00 50 06 03 00 00 00 50 07 FF 00 00 FF 50 08 00 00 00 00 50 09 3F 00 00 00 50 0A 03 00 00 00 50 0B FF 00 00 FF 50 0C 00 00 00 00 50 0D 3F 00 00 00 50 0E 03 00 00 00 04 B4 00 50 00 00 00 00 00 50 01 3F 00 00 00 50 02 03 00 00 00 50 03 FF 00 00 FF 50 04 00 00 00 00 50 05 3F 00 00 00 50 06 03 00 00 00 50 07 FF 00 00 FF 50 08 00 00 00 00 50 09 3F 00 00 00 50 0A 03 00 00 00 50 0B FF 00 00 FF 50 0C 00 00 00 00 50 0D 3F 00 00 00 50 0E 03 00 00 00 50 00 00 00 00 00 50 01 3F 00 00 00 50 02 03 00 00 00 50 03 FF 00 00 FF 50 04 00 00 00 00 50 05 3F 00 00 00 50 06 03 00 00 00 50 07 FF 00 00 FF 50 08 00 00 00 00 50 09 3F 00 00 00 50 0A 03 00 00 00 50 0B FF 00 00 FF 50 0C 00 00 00 00 50 0D 3F 00 00 00 50 0E 03 00 00 00 04 5A 00 50 00 00 00 00 00 50 01 3F 00 00 00 50 02 03 00 00 00 50 03 FF 00 00 FF 50 04 00 00 00 00 50 05 3F 00 00 00 50 06 03 00 00 00 50 07 FF 00 00 FF 50 08 00 00 00 00 50 09 3F 00 00 00 50 0A 03 00 00 00 50 0B FF 00 00 FF 50 0C 00 00 00 00 50 0D 3F 00 00 00 50 0E 03 00 00 00 04 68 01 50 00 00 00 00 00 50 01 3F 00 00 00 50 02 03 00 00 00 50 03 FF 00 00 FF 50 04 00 00 00 00 50 05 3F 00 00 00 50 06 03 00 00 00 50 07 FF 00 00 FF 50 08 00 00 00 00 50 09 3F 00 00 00 50 0A 03 00 00 00 50 0B FF 00 00 FF 50 0C 00 00 00 00 50 0D 3F 00 00 00 50 0E 03 00 00 00 50 00 00 00 00 00 50 01 3F 00 00 00 50 02 03 00 00 00 50 03 FF 00 00 FF 50 04 00 00 00 00 50 05 3F 00 00 00 50 06 03 00 00 00 50 07 FF 00 00 FF 50 08 00 00 00 00 50 09 3F 00 00 00 50 0A 03 00 00 00 50 0B FF 00 00 FF 50 0C 00 00 00 00 50 0D 3F 00 00 00 50 0E 03 00 00 00 50 00 00 00 00 00 50 01 3F 00 00 00 50 02 03 00 00 00 50 03 FF 00 00 FF 50 04 00 00 00 00 50 05 3F 00 00 00 50 06 03 00 00 00 50 07 FF 00 00 FF 50 08 00 00 00 00 50 09 3F 00 00 00 50 0A 03 00 00 00 50 0B FF 00 00 FF 50 0C 00 00 00 00 50 0D 3F 00 00 00 50 0E 03 00 00 00 50 00 00 00 00 00 50 01 3F 00 00 00 50 02 03 00 00 00 50 03 FF 00 00 FF 50 04 00 00 00 00 50 05 3F 00 00 00 50 06 03 00 00 00 50 07 FF 00 00 FF 50 08 00 00 00 00 50 09 3F 00 00 00 50 0A 03 00 00 00 50 0B FF 00 00 FF 50 0C 00 00 00 00 50 0D 3F 00 00 00 50 0E 03 00 00 00 05 1F 00 12 00 00 03 00 0D 00 FF FF FF FF FF FF FF FF 8C F3 64 C5 86 28 EA C5 86 B4 00 00 61 24 01 00
0x00, prev: 0x00: 03 00 00 00 [00] 00 50 01 3F 00 00 00 50 00 00 00 00 00 50 01 3F 00 00 00 50 02 03 00 00 00 50 03 FF 00 00 FF 50 04 00 00 00 00 50 05 3F 00 00 00 50 06 03 00 00 00 50 07 FF 00 00 FF 50 08 00 00 00 00 50 09 3F 00 00 00 50 0A 03 00 00 00 50 0B FF 00 00 FF 50 0C 00 00 00 00 50 0D 3F 00 00 00 50 0E 03 00 00 00 04 B4 00 50 00 00 00 00 00 50 01 3F 00 00 00 50 02 03 00 00 00 50 03 FF 00 00 FF 50 04 00 00 00 00 50 05 3F 00 00 00 50 06 03 00 00 00 50 07 FF 00 00 FF 50 08 00 00 00 00 50 09 3F 00 00 00 50 0A 03 00 00 00 50 0B FF 00 00 FF 50 0C 00 00 00 00 50 0D 3F 00 00 00 50 0E 03 00 00 00 50 00 00 00 00 00 50 01 3F 00 00 00 50 02 03 00 00 00 50 03 FF 00 00 FF 50 04 00 00 00 00 50 05 3F 00 00 00 50 06 03 00 00 00 50 07 FF 00 00 FF 50 08 00 00 00 00 50 09 3F 00 00 00 50 0A 03 00 00 00 50 0B FF 00 00 FF 50 0C 00 00 00 00 50 0D 3F 00 00 00 50 0E 03 00 00 00 04 B4 00 50 00 00 00 00 00 50 01 3F 00 00 00 50 02 03 00 00 00 50 03 FF 00 00 FF 50 04 00 00 00 00 50 05 3F 00 00 00 50 06 03 00 00 00 50 07 FF 00 00 FF 50 08 00 00 00 00 50 09 3F 00 00 00 50 0A 03 00 00 00 50 0B FF 00 00 FF 50 0C 00 00 00 00 50 0D 3F 00 00 00 50 0E 03 00 00 00 50 00 00 00 00 00 50 01 3F 00 00 00 50 02 03 00 00 00 50 03 FF 00 00 FF 50 04 00 00 00 00 50 05 3F 00 00 00 50 06 03 00 00 00 50 07 FF 00 00 FF 50 08 00 00 00 00 50 09 3F 00 00 00 50 0A 03 00 00 00 50 0B FF 00 00 FF 50 0C 00 00 00 00 50 0D 3F 00 00 00 50 0E 03 00 00 00 04 5A 00 50 00 00 00 00 00 50 01 3F 00 00 00 50 02 03 00 00 00 50 03 FF 00 00 FF 50 04 00 00 00 00 50 05 3F 00 00 00 50 06 03 00 00 00 50 07 FF 00 00 FF 50 08 00 00 00 00 50 09 3F 00 00 00 50 0A 03 00 00 00 50 0B FF 00 00 FF 50 0C 00 00 00 00 50 0D 3F 00 00 00 50 0E 03 00 00 00 04 B4 00 50 00 00 00 00 00 50 01 3F 00 00 00 50 02 03 00 00 00 50 03 FF 00 00 FF 50 04 00 00 00 00 50 05 3F 00 00 00 50 06 03 00 00 00 50 07 FF 00 00 FF 50 08 00 00 00 00 50 09 3F 00 00 00 50 0A 03 00 00 00 50 0B FF 00 00 FF 50 0C 00 00 00 00 50 0D 3F 00 00 00 50 0E 03 00 00 00 50 00 00 00 00 00 50 01 3F 00 00 00 50 02 03 00 00 00 50 03 FF 00 00 FF 50 04 00 00 00 00 50 05 3F 00 00 00 50 06 03 00 00 00 50 07 FF 00 00 FF 50 08 00 00 00 00 50 09 3F 00 00 00 50 0A 03 00 00 00 50 0B FF 00 00 FF 50 0C 00 00 00 00 50 0D 3F 00 00 00 50 0E 03 00 00 00 04 5A 00 50 00 00 00 00 00 50 01 3F 00 00 00 50 02 03 00 00 00 50 03 FF 00 00 FF 50 04 00 00 00 00 50 05 3F 00 00 00 50 06 03 00 00 00 50 07 FF 00 00 FF 50 08 00 00 00 00 50 09 3F 00 00 00 50 0A 03 00 00 00 50 0B FF 00 00 FF 50 0C 00 00 00 00 50 0D 3F 00 00 00 50 0E 03 00 00 00 04 68 01 50 00 00 00 00 00 50 01 3F 00 00 00 50 02 03 00 00 00 50 03 FF 00 00 FF 50 04 00 00 00 00 50 05 3F 00 00 00 50 06 03 00 00 00 50 07 FF 00 00 FF 50 08 00 00 00 00 50 09 3F 00 00 00 50 0A 03 00 00 00 50 0B FF 00 00 FF 50 0C 00 00 00 00 50 0D 3F 00 00 00 50 0E 03 00 00 00 50 00 00 00 00 00 50 01 3F 00 00 00 50 02 03 00 00 00 50 03 FF 00 00 FF 50 04 00 00 00 00 50 05 3F 00 00 00 50 06 03 00 00 00 50 07 FF 00 00 FF 50 08 00 00 00 00 50 09 3F 00 00 00 50 0A 03 00 00 00 50 0B FF 00 00 FF 50 0C 00 00 00 00 50 0D 3F 00 00 00 50 0E 03 00 00 00 50 00 00 00 00 00 50 01 3F 00 00 00 50 02 03 00 00 00 50 03 FF 00 00 FF 50 04 00 00 00 00 50 05 3F 00 00 00 50 06 03 00 00 00 50 07 FF 00 00 FF 50 08 00 00 00 00 50 09 3F 00 00 00 50 0A 03 00 00 00 50 0B FF 00 00 FF 50 0C 00 00 00 00 50 0D 3F 00 00 00 50 0E 03 00 00 00 50 00 00 00 00 00 50 01 3F 00 00 00 50 02 03 00 00 00 50 03 FF 00 00 FF 50 04 00 00 00 00 50 05 3F 00 00 00 50 06 03 00 00 00 50 07 FF 00 00 FF 50 08 00 00 00 00 50 09 3F 00 00 00 50 0A 03 00 00 00 50 0B FF 00 00 FF 50 0C 00 00 00 00 50 0D 3F 00 00 00 50 0E 03 00 00 00 05 1F 00 12 00 00 03 00 0D 00 FF FF FF FF FF FF FF FF 8C F3 64 C5 86 28 EA C5 86 B4 00 00 61 24 01 00
General information
- name: BNet
- type: Ladder team game (AT/RT)
- host: Battle.net
- saver: MyPeonsAreLazy
map: TwilightRuins
- players: 8
- length: 25:12
- speed: Fast
- version: 1.27 W3XP
- replay type: Public
» download(114 KB)
Players
team 1 (loser)
DanthemanXox (
red | 8 APM | 27 actions | 03:16)
» actions
| Build / train | 2 | |
| Enter build submenu | 4 | |
| Right click | 9 | |
| Select / deselect | 8 | |
| Use ability | 4 | |
27 total
» units
» buildings
| Graveyard | 1 | |
| Crypt | 1 | |
| Altar of Darkness | 1 | |
| Ziggurat | 1 | |
4 total
» build order
00:31 Graveyard
00:36 Crypt
00:41 Altar of Darkness
01:27 Ziggurat

»
JumboWang (
green | 53 APM | 1342 actions | 25:11)
5 Archmage
2 Summon Water Elemental
3 Brilliance Aura
3 Tauren Chieftain
2 Endurance Aura
1 War Stomp
3 Death Knight
2 Death Coil
1 Unholy Aura
3 Shadow Hunter
2 Healing Wave
1 Hex
2 Mountain King
1 Storm Bolt
1 Bash
3 Far Seer
2 Feral Spirit
1 Chain Lighting
» actions
| Assign group hotkey | 14 | |
| Basic commands | 68 | |
| Build / train | 137 | |
| Enter build submenu | 50 | |
| Enter hero's abilities submenu | 19 | |
| Give item / drop item | 1 | |
| Remove unit from queue | 1 | |
| Right click | 476 | |
| Select / deselect | 446 | |
| Select group hotkey | 9 | |
| Use ability | 121 | |
1342 total
» units
| Peasant | 9 | |
| Peon | 9 | |
| Footman | 8 | |
| Grunt | 18 | |
| Rifleman | 11 | |
| Crypt Fiend | 12 | |
| Priest | 3 | |
| Sorceress | 3 | |
| Mortar Team | 6 | |
| Demolisher | 4 | |
| Troll Headhunter/Berserker | 1 | |
84 total
» upgrades
| Masonry | 2 | |
| Gunpowder | 2 | |
| Defend | 1 | |
| Spiked Barricades | 2 | |
| Berserker Strength | 1 | |
| Long Rifles | 1 | |
| Lumber Harvesting | 1 | |
| Creature Attack | 1 | |
| Berserker Upgrade | 1 | |
12 total
» buildings
| Altar of Kings | 2 | |
| Farm | 9 | |
| Barracks | 3 | |
| Altar of Storms | 1 | |
| Orc Burrow | 6 | |
| Scout Tower | 12 | |
| Blacksmith | 1 | |
| Arcane Tower | 1 | |
| Lumber Mill | 2 | |
| War Mill | 2 | |
| Stronghold | 1 | |
| Keep | 1 | |
| Arcane Vault | 1 | |
| Voodoo Lounge | 1 | |
| Watch Tower | 5 | |
| Arcane Sanctum | 1 | |
| Workshop | 1 | |
| Fortress | 1 | |
| Ziggurat | 2 | |
| Guard Tower | 8 | |
| Town Hall | 1 | |
62 total
» build order
00:07 Altar of Kings
00:27 Farm
00:37 Farm
00:43 Barracks
00:52 Altar of Storms
00:56 Orc Burrow
02:05 Barracks
02:26 Scout Tower
02:29 Farm
02:36 Blacksmith
02:48 Orc Burrow
02:59 Arcane Tower
03:08 Lumber Mill
03:35 War Mill
04:11 Orc Burrow
04:26 Stronghold
04:36 Keep
04:48 Arcane Vault
04:53 Voodoo Lounge
05:14 Farm
05:17 Farm
05:41 Watch Tower
05:47 Watch Tower
06:18 Orc Burrow
08:59 Arcane Sanctum
09:02 Workshop
12:21 Orc Burrow
12:24 Orc Burrow
12:27 War Mill
12:39 Farm
12:41 Farm
12:45 Farm
13:29 Fortress
13:46 Ziggurat
13:47 Ziggurat
14:22 Scout Tower
14:23 Scout Tower
14:25 Scout Tower
16:12 Guard Tower
16:13 Guard Tower
18:56 Town Hall
20:01 Watch Tower
20:03 Watch Tower
20:05 Watch Tower
21:02 Scout Tower
21:05 Scout Tower
21:06 Scout Tower
21:07 Scout Tower
21:10 Lumber Mill
21:14 Scout Tower
22:36 Guard Tower
22:38 Guard Tower
22:40 Guard Tower
22:43 Guard Tower
22:51 Guard Tower
23:00 Scout Tower
23:13 Altar of Kings
23:33 Scout Tower
23:34 Scout Tower
23:38 Guard Tower
23:45 Barracks
23:50 Farm
» items
| Scroll of Regeneration | 1 | |
| Scroll of Town Portal | 1 | |
2 total
Gul-dan (
purple | 5 APM | 29 actions | 05:35)
» actions
| Build / train | 6 | |
| Enter build submenu | 3 | |
| Right click | 7 | |
| Select / deselect | 10 | |
| Use ability | 3 | |
29 total
» units
» buildings
| Orc Burrow | 1 | |
| Altar of Storms | 1 | |
| Barracks | 1 | |
3 total
» build order
00:34 Orc Burrow
00:37 Altar of Storms
01:31 Barracks
team 2 (winner)

»
DAZZLEMANTIS (
blue | 27 APM | 672 actions | 25:11)
4 Crypt Lord
3 Carrion Beetles
1 Spiked Carapace
4 Death Knight
2 Death Coil
2 Unholy Aura
4 Dreadlord
2 Sleep
2 Vampiric Aura
» actions
| Assign group hotkey | 73 | |
| Basic commands | 28 | |
| Build / train | 66 | |
| Enter build submenu | 22 | |
| Enter hero's abilities submenu | 12 | |
| Give item / drop item | 1 | |
| Remove unit from queue | 2 | |
| Right click | 223 | |
| Select / deselect | 175 | |
| Select group hotkey | 32 | |
| Use ability | 38 | |
672 total
» units
| Acolyte | 9 | |
| Ghoul | 12 | |
| Crypt Fiend | 8 | |
| Frost Wyrm | 3 | |
32 total
» upgrades
| Creature Attack | 2 | |
| Creature Carapace | 2 | |
| Freezing Breath | 1 | |
5 total
» buildings
| Ziggurat | 8 | |
| Altar of Darkness | 2 | |
| Graveyard | 1 | |
| Crypt | 3 | |
| Halls of the Dead | 1 | |
| Tomb of Relics | 2 | |
| Nerubian Tower | 4 | |
| Black Citadel | 1 | |
| Sacrificial Pit | 1 | |
| Boneyard | 2 | |
25 total
» build order
01:10 Ziggurat
01:27 Altar of Darkness
01:34 Ziggurat
01:39 Graveyard
06:38 Crypt
07:19 Crypt
07:33 Crypt
07:38 Ziggurat
07:42 Halls of the Dead
07:49 Ziggurat
07:59 Ziggurat
08:19 Tomb of Relics
08:40 Ziggurat
08:47 Nerubian Tower
08:54 Nerubian Tower
09:59 Nerubian Tower
10:49 Altar of Darkness
12:24 Black Citadel
13:47 Ziggurat
13:52 Sacrificial Pit
15:02 Boneyard
15:39 Boneyard
18:37 Ziggurat
18:49 Nerubian Tower
19:10 Tomb of Relics
» items
| Potion of Healing | 1 | |
| Scroll of Town Portal | 2 | |
| Orb of Corruption | 1 | |
| Orb of Lightning | 1 | |
5 total
MyPeonsAreLazy (
yellow | 44 APM | 1121 actions | 25:12)
7 Tauren Chieftain
3 Endurance Aura
3 Shockwave
1 Reincarnation
» actions
| Assign group hotkey | 18 | |
| Basic commands | 26 | |
| Build / train | 72 | |
| Enter build submenu | 38 | |
| Enter hero's abilities submenu | 8 | |
| Remove unit from queue | 2 | |
| Right click | 458 | |
| Select / deselect | 332 | |
| Select group hotkey | 89 | |
| Use ability | 78 | |
1121 total
» units
| Peon | 15 | |
| Troll Headhunter/Berserker | 15 | |
| Demolisher | 1 | |
| Goblin Shredder | 1 | |
32 total
» upgrades
| Ranged Weapons | 3 | |
| Armor | 3 | |
| Troll Regeneration | 1 | |
| Berserker Upgrade | 1 | |
| Witch Doctor Training | 2 | |
| Shaman Training | 2 | |
| Reinforced Defenses | 1 | |
13 total
» buildings
| Altar of Storms | 1 | |
| Orc Burrow | 7 | |
| Stronghold | 1 | |
| Barracks | 4 | |
| War Mill | 1 | |
| Voodoo Lounge | 1 | |
| Fortress | 1 | |
| Great Hall | 2 | |
| Watch Tower | 13 | |
| Spirit Lodge | 3 | |
34 total
» build order
08:26 Altar of Storms
08:29 Orc Burrow
08:37 Stronghold
08:39 Barracks
08:42 War Mill
08:44 Barracks
08:49 Orc Burrow
08:52 Orc Burrow
08:55 Barracks
10:28 Orc Burrow
10:33 Voodoo Lounge
12:37 Fortress
13:40 Great Hall
13:57 Great Hall
15:16 Watch Tower
15:17 Watch Tower
15:17 Watch Tower
15:17 Watch Tower
17:42 Spirit Lodge
17:45 Spirit Lodge
18:24 Watch Tower
18:24 Watch Tower
18:27 Barracks
19:54 Watch Tower
19:56 Watch Tower
19:56 Watch Tower
20:16 Watch Tower
20:17 Watch Tower
20:19 Watch Tower
22:15 Orc Burrow
22:18 Orc Burrow
22:39 Orc Burrow
23:33 Spirit Lodge
» items
| Scroll of Town Portal | 4 | |
| Healing Salve | 2 | |
| Potion of Healing | 3 | |
| Potion of Mana | 2 | |
| Lesser Clarity Potion | 1 | |
| Scroll of Healing | 1 | |
| Boots of Speed | 1 | |
| Periapt of Vitality | 1 | |
15 total

»
MarMarBinks17 (
teal | 31 APM | 773 actions | 25:11)
4 Archmage
2 Summon Water Elemental
2 Brilliance Aura
1 Tauren Chieftain
1 War Stomp
» actions
| Basic commands | 51 | |
| Build / train | 68 | |
| Enter build submenu | 33 | |
| Enter hero's abilities submenu | 5 | |
| Remove unit from queue | 3 | |
| Right click | 344 | |
| Select / deselect | 217 | |
| Use ability | 52 | |
773 total
» units
| Peasant | 8 | |
| Rifleman | 12 | |
| Peon | 8 | |
| Grunt | 7 | |
| Mortar Team | 4 | |
39 total
» upgrades
| Gunpowder | 3 | |
| Armor | 5 | |
| Flare | 1 | |
| Fragmentation Shards | 1 | |
| Melee Weapons | 3 | |
13 total
» buildings
| Farm | 12 | |
| Altar of Kings | 1 | |
| Barracks | 2 | |
| Lumber Mill | 1 | |
| Blacksmith | 1 | |
| Keep | 1 | |
| Arcane Vault | 1 | |
| Scout Tower | 2 | |
| War Mill | 1 | |
| Orc Burrow | 4 | |
| Arcane Tower | 1 | |
| Altar of Storms | 1 | |
| Castle | 1 | |
| Guard Tower | 1 | |
| Workshop | 3 | |
| Stronghold | 1 | |
| Voodoo Lounge | 1 | |
| Fortress | 1 | |
| Spirit Lodge | 1 | |
| Tauren Totem | 2 | |
| Town Hall | 2 | |
41 total
» build order
00:14 Farm
00:18 Altar of Kings
00:53 Barracks
01:01 Lumber Mill
02:50 Blacksmith
04:46 Farm
04:50 Farm
04:51 Farm
04:52 Farm
04:54 Farm
05:36 Farm
05:40 Keep
05:46 Arcane Vault
06:56 Scout Tower
07:05 War Mill
07:15 Orc Burrow
07:30 Arcane Tower
07:34 Scout Tower
07:49 Altar of Storms
08:01 Farm
08:04 Castle
08:06 Guard Tower
08:10 Workshop
08:14 Workshop
08:29 Barracks
08:37 Orc Burrow
10:52 Stronghold
11:15 Orc Burrow
11:59 Voodoo Lounge
12:14 Farm
13:39 Fortress
13:43 Spirit Lodge
13:45 Orc Burrow
15:31 Farm
15:32 Farm
15:34 Farm
16:45 Workshop
18:19 Tauren Totem
18:23 Tauren Totem
21:22 Town Hall
23:54 Town Hall
» items
Chat log
(00:34 / Allies) DAZZLEMANTIS: dude gotta cheat
(00:58 / All) MyPeonsAreLazy: lol
(01:45 / All) MyPeonsAreLazy: is he only lagging me?
(03:22 / Allies) MyPeonsAreLazy: is he spamming control to you guys too?
(04:34 / Allies) MarMarBinks17: no but he did it to me last game
(05:22 / Allies) DAZZLEMANTIS: yeah
(05:47 / Allies) DAZZLEMANTIS: if i could find him i would shoot him
(07:29 / Allies) DAZZLEMANTIS: whoa we can play
(08:07 / Allies) DAZZLEMANTIS: you guys good?
(08:19 / Allies) MyPeonsAreLazy: '
(08:20 / Allies) MyPeonsAreLazy: lawl
(08:23 / Allies) MyPeonsAreLazy: I wasn't eve going to play
(08:28 / Allies) DAZZLEMANTIS: that shit is so dumb
(10:37 / Allies) DAZZLEMANTIS: fight in back teal
(10:39 / Allies) DAZZLEMANTIS: with towers
(13:24 / Allies) DAZZLEMANTIS: counter i guess?
(15:28 / Allies) DAZZLEMANTIS: teal militia
(21:19 / Allies) MyPeonsAreLazy: gonna tp?
(21:25 / Allies) DAZZLEMANTIS: omw now
(21:28 / Allies) MarMarBinks17: dont haveone
(21:33 / Allies) DAZZLEMANTIS: go please
(23:17 / Allies) MyPeonsAreLazy: where'as all their bases lawl
(24:26 / All) JumboWang: gg
(24:30 / All) MyPeonsAreLazy: hey
(24:33 / All) MyPeonsAreLazy: where'd your bses go lawl
(24:42 / All) JumboWang: gone now
(24:47 / Allies) MyPeonsAreLazy: you get them teal?